Workbook

Sheet Dashboard
A1: Business Name : | B1: [Insert Name]
A2: Title : | B2: Monthly Financial Ratios Overview

Sheet Detailed Financial Ratios Sheet
A1: THIS TEMPLATE SHOULD NOT BE EDITED
A4: Ratio | B4: Jan 2025 | C4: Feb 2025 | D4: Mar 2025 | E4: Apr 2025 | F4: May 2025 | G4: Jun 2025 | H4: Jul 2025 | I4: Aug 2025 | J4: Sep 2025 | K4: Oct 2025 | L4: Nov 2025 | M4: Dec 2025 | N4: 2025
A5: Gross Profit Margin (%) | B5: =('Input Data Here Only'!B5-'Input Data Here Only'!B6)/'Input Data Here Only'!B5 -> 0.4 | C5: =('Input Data Here Only'!C5-'Input Data Here Only'!C6)/'Input Data Here Only'!C5 -> 0.4 | D5: =('Input Data Here Only'!D5-'Input Data Here Only'!D6)/'Input Data Here Only'!D5 -> 0.42307692 | E5: =('Input Data Here Only'!E5-'Input Data Here Only'!E6)/'Input Data Here Only'!E5 -> 0.432 | F5: =('Input Data Here Only'!F5-'Input Data Here Only'!F6)/'Input Data Here Only'!F5 -> 0.4 | G5: =('Input Data Here Only'!G5-'Input Data Here Only'!G6)/'Input Data Here Only'!G5 -> 0.38 | H5: =('Input Data Here Only'!H5-'Input Data Here Only'!H6)/'Input Data Here Only'!H5 -> 0.38947368 | I5: =('Input Data Here Only'!I5-'Input Data Here Only'!I6)/'Input Data Here Only'!I5 -> 0.41666667 | ... N5: =('Input Data Here Only'!N5-'Input Data Here Only'!N6)/'Input Data Here Only'!N5 -> 0.42066667
A6: Net Profit Margin (%) | B6: ='Input Data Here Only'!B7/'Input Data Here Only'!B5 -> 0.078947368 | C6: ='Input Data Here Only'!C7/'Input Data Here Only'!C5 -> 0.081818182 | D6: ='Input Data Here Only'!D7/'Input Data Here Only'!D5 -> 0.076923077 | E6: ='Input Data Here Only'!E7/'Input Data Here Only'!E5 -> 0.084 | F6: ='Input Data Here Only'!F7/'Input Data Here Only'!F5 -> 0.082608696 | G6: ='Input Data Here Only'!G7/'Input Data Here Only'!G5 -> 0.085 | H6: ='Input Data Here Only'!H7/'Input Data Here Only'!H5 -> 0.084210526 | I6: ='Input Data Here Only'!I7/'Input Data Here Only'!I5 -> 0.091666667 | ... N6: ='Input Data Here Only'!N7/'Input Data Here Only'!N5 -> 0.089
A7: Current Ratio | B7: ='Input Data Here Only'!B8/'Input Data Here Only'!B10 -> 1.8095238 | C7: ='Input Data Here Only'!C8/'Input Data Here Only'!C10 -> 1.7727273 | D7: ='Input Data Here Only'!D8/'Input Data Here Only'!D10 -> 1.8666667 | E7: ='Input Data Here Only'!E8/'Input Data Here Only'!E10 -> 1.9565217 | F7: ='Input Data Here Only'!F8/'Input Data Here Only'!F10 -> 2 | G7: ='Input Data Here Only'!G8/'Input Data Here Only'!G10 -> 2.1395349 | H7: ='Input Data Here Only'!H8/'Input Data Here Only'!H10 -> 2.2380952 | I7: ='Input Data Here Only'!I8/'Input Data Here Only'!I10 -> 2.4 | ... N7: ='Input Data Here Only'!N8/'Input Data Here Only'!N10 -> 2.2379032
A8: Quick Ratio | B8: =('Input Data Here Only'!B8-'Input Data Here Only'!B9)/'Input Data Here Only'!B10 -> 1.1190476 | C8: =('Input Data Here Only'!C8-'Input Data Here Only'!C9)/'Input Data Here Only'!C10 -> 1.0909091 | D8: =('Input Data Here Only'!D8-'Input Data Here Only'!D9)/'Input Data Here Only'!D10 -> 1.1777778 | E8: =('Input Data Here Only'!E8-'Input Data Here Only'!E9)/'Input Data Here Only'!E10 -> 1.3043478 | F8: =('Input Data Here Only'!F8-'Input Data Here Only'!F9)/'Input Data Here Only'!F10 -> 1.2727273 | G8: =('Input Data Here Only'!G8-'Input Data Here Only'!G9)/'Input Data Here Only'!G10 -> 1.372093 | H8: =('Input Data Here Only'!H8-'Input Data Here Only'!H9)/'Input Data Here Only'!H10 -> 1.4285714 | I8: =('Input Data Here Only'!I8-'Input Data Here Only'!I9)/'Input Data Here Only'!I10 -> 1.525 | ... N8: =('Input Data Here Only'!N8-'Input Data Here Only'!N9)/'Input Data Here Only'!N10 -> 1.421371
A9: Debt-to-Equity Ratio | B9: ='Input Data Here Only'!B11/'Input Data Here Only'!B12 -> 2.0416667 | C9: ='Input Data Here Only'!C11/'Input Data Here Only'!C12 -> 2.0204082 | D9: ='Input Data Here Only'!D11/'Input Data Here Only'!D12 -> 1.9607843 | E9: ='Input Data Here Only'!E11/'Input Data Here Only'!E12 -> 1.9423077 | F9: ='Input Data Here Only'!F11/'Input Data Here Only'!F12 -> 1.9245283 | G9: ='Input Data Here Only'!G11/'Input Data Here Only'!G12 -> 1.8518519 | H9: ='Input Data Here Only'!H11/'Input Data Here Only'!H12 -> 1.8 | I9: ='Input Data Here Only'!I11/'Input Data Here Only'!I12 -> 1.75 | ... N9: ='Input Data Here Only'!N11/'Input Data Here Only'!N12 -> 1.7929448
A10: Inventory Turnover | B10: ='Input Data Here Only'!B6/(('Input Data Here Only'!B14+'Input Data Here Only'!B13)/2) -> 4.1454545 | C10: ='Input Data Here Only'!C6/(('Input Data Here Only'!C14+'Input Data Here Only'!C13)/2) -> 4.4745763 | D10: ='Input Data Here Only'!D6/(('Input Data Here Only'!D14+'Input Data Here Only'!D13)/2) -> 4.9180328 | E10: ='Input Data Here Only'!E6/(('Input Data Here Only'!E14+'Input Data Here Only'!E13)/2) -> 4.6557377 | F10: ='Input Data Here Only'!F6/(('Input Data Here Only'!F14+'Input Data Here Only'!F13)/2) -> 4.4516129 | G10: ='Input Data Here Only'!G6/(('Input Data Here Only'!G14+'Input Data Here Only'!G13)/2) -> 3.8153846 | H10: ='Input Data Here Only'!H6/(('Input Data Here Only'!H14+'Input Data Here Only'!H13)/2) -> 3.4626866 | I10: ='Input Data Here Only'!I6/(('Input Data Here Only'!I14+'Input Data Here Only'!I13)/2) -> 4.057971 | ... N10: ='Input Data Here Only'!N6/(('Input Data Here Only'!N14+'Input Data Here Only'!N13)/2) -> 4.3668342
A11: Average Inventory | B11: =('Input Data Here Only'!B13+'Input Data Here Only'!B14)/2 -> 137500 | C11: =('Input Data Here Only'!C13+'Input Data Here Only'!C14)/2 -> 147500 | D11: =('Input Data Here Only'!D13+'Input Data Here Only'!D14)/2 -> 152500 | E11: =('Input Data Here Only'!E13+'Input Data Here Only'!E14)/2 -> 152500 | F11: =('Input Data Here Only'!F13+'Input Data Here Only'!F14)/2 -> 155000 | G11: =('Input Data Here Only'!G13+'Input Data Here Only'!G14)/2 -> 162500 | H11: =('Input Data Here Only'!H13+'Input Data Here Only'!H14)/2 -> 167500 | I11: =('Input Data Here Only'!I13+'Input Data Here Only'!I14)/2 -> 172500 | ... N11: =('Input Data Here Only'!N13+'Input Data Here Only'!N14)/2 -> 1990000
A12: Days Inventory | B12: =(B11/'Input Data Here Only'!B6)*365 -> 88.048246 | C12: =(C11/'Input Data Here Only'!C6)*365 -> 81.57197 | D12: =(D11/'Input Data Here Only'!D6)*365 -> 74.216667 | E12: =(E11/'Input Data Here Only'!E6)*365 -> 78.397887 | F12: =(F11/'Input Data Here Only'!F6)*365 -> 81.992754 | G12: =(G11/'Input Data Here Only'!G6)*365 -> 95.665323 | H12: =(H11/'Input Data Here Only'!H6)*365 -> 105.40948 | I12: =(I11/'Input Data Here Only'!I6)*365 -> 89.946429 | ... N12: =(N11/'Input Data Here Only'!N6)*365 -> 83.58458
A13: Days Sales Outstanding (DSO) | B13: =('Input Data Here Only'!B15/'Input Data Here Only'!B16)*365 -> 34.578947 | C13: =('Input Data Here Only'!C15/'Input Data Here Only'!C16)*365 -> 31.522727 | D13: =('Input Data Here Only'!D15/'Input Data Here Only'!D16)*365 -> 28.076923 | E13: =('Input Data Here Only'!E15/'Input Data Here Only'!E16)*365 -> 30.66 | F13: =('Input Data Here Only'!F15/'Input Data Here Only'!F16)*365 -> 31.73913 | G13: =('Input Data Here Only'!G15/'Input Data Here Only'!G16)*365 -> 34.675 | H13: =('Input Data Here Only'!H15/'Input Data Here Only'!H16)*365 -> 34.578947 | I13: =('Input Data Here Only'!I15/'Input Data Here Only'!I16)*365 -> 25.854167 | ... N13: =('Input Data Here Only'!N15/'Input Data Here Only'!N16)*365 -> 25.55
A14: Days Payables | B14: =('Input Data Here Only'!B17/'Input Data Here Only'!B6)*365 -> 54.429825 | C14: =('Input Data Here Only'!C17/'Input Data Here Only'!C6)*365 -> 48.113636 | D14: =('Input Data Here Only'!D17/'Input Data Here Only'!D6)*365 -> 43.8 | E14: =('Input Data Here Only'!E17/'Input Data Here Only'!E6)*365 -> 45.239437 | F14: =('Input Data Here Only'!F17/'Input Data Here Only'!F6)*365 -> 47.07971 | G14: =('Input Data Here Only'!G17/'Input Data Here Only'!G6)*365 -> 51.217742 | H14: =('Input Data Here Only'!H17/'Input Data Here Only'!H6)*365 -> 53.491379 | I14: =('Input Data Here Only'!I17/'Input Data Here Only'!I6)*365 -> 43.8 | ... N14: =('Input Data Here Only'!N17/'Input Data Here Only'!N6)*365 -> 42.758343
A15: Cash Conversion Cycle (CCC) | B15: =B13+B12-B14 -> 68.197368 | C15: =C13+C12-C14 -> 64.981061 | D15: =D13+D12-D14 -> 58.49359 | E15: =E13+E12-E14 -> 63.818451 | F15: =F13+F12-F14 -> 66.652174 | G15: =G13+G12-G14 -> 79.122581 | H15: =H13+H12-H14 -> 86.497051 | I15: =I13+I12-I14 -> 72.000595 | ... N15: =N13+N12-N14 -> 66.376237
A16: Debt Service Coverage Ratio (DSCR) | B16: ='Input Data Here Only'!B18/'Input Data Here Only'!B19 -> 1.375 | C16: ='Input Data Here Only'!C18/'Input Data Here Only'!C19 -> 1.4375 | D16: ='Input Data Here Only'!D18/'Input Data Here Only'!D19 -> 1.5 | E16: ='Input Data Here Only'!E18/'Input Data Here Only'!E19 -> 1.5625 | F16: ='Input Data Here Only'!F18/'Input Data Here Only'!F19 -> 1.5 | G16: ='Input Data Here Only'!G18/'Input Data Here Only'!G19 -> 1.475 | H16: ='Input Data Here Only'!H18/'Input Data Here Only'!H19 -> 1.45 | I16: ='Input Data Here Only'!I18/'Input Data Here Only'!I19 -> 1.5625 | ... N16: ='Input Data Here Only'!N18/'Input Data Here Only'!N19 -> 1.5770833

Sheet Input Data Here Only
A1: USE THIS SHEET TO KEY IN THE FINANCIAL METRICS
A2: KEY IN DATA ONLY ON THE YELLOW CELL
A4: Financial Metric | B4: Jan 2025 | C4: Feb 2025 | D4: Mar 2025 | E4: Apr 2025 | F4: May 2025 | G4: Jun 2025 | H4: Jul 2025 | I4: Aug 2025 | J4: Sep 2025 | K4: Oct 2025 | L4: Nov 2025 | M4: Dec 2025 | N4: 2025
A5: Revenue | B5: 950000 | C5: 1100000 | D5: 1300000 | E5: 1250000 | F5: 1150000 | G5: 1000000 | H5: 950000 | I5: 1200000 | J5: 1300000 | K5: 1400000 | L5: 1600000 | M5: 1800000 | N5: =SUM(B5:M5) -> 15000000
A6: COGS | B6: 570000 | C6: 660000 | D6: 750000 | E6: 710000 | F6: 690000 | G6: 620000 | H6: 580000 | I6: 700000 | J6: 740000 | K6: 800000 | L6: 880000 | M6: 990000 | N6: =SUM(B6:M6) -> 8690000
A7: Net Profit | B7: 75000 | C7: 90000 | D7: 100000 | E7: 105000 | F7: 95000 | G7: 85000 | H7: 80000 | I7: 110000 | J7: 120000 | K7: 135000 | L7: 160000 | M7: 180000 | N7: =SUM(B7:M7) -> 1335000
A8: Current Assets | B8: 380000 | C8: 390000 | D8: 420000 | E8: 450000 | F8: 440000 | G8: 460000 | H8: 470000 | I8: 480000 | J8: 490000 | K8: 500000 | L8: 520000 | M8: 550000 | N8: =SUM(B8:M8) -> 5550000
A9: Inventory | B9: 145000 | C9: 150000 | D9: 155000 | E9: 150000 | F9: 160000 | G9: 165000 | H9: 170000 | I9: 175000 | J9: 180000 | K9: 185000 | L9: 190000 | M9: 200000 | N9: =SUM(B9:M9) -> 2025000
A10: Current Liabilities | B10: 210000 | C10: 220000 | D10: 225000 | E10: 230000 | F10: 220000 | G10: 215000 | H10: 210000 | I10: 200000 | J10: 195000 | K10: 190000 | L10: 185000 | M10: 180000 | N10: =SUM(B10:M10) -> 2480000
A11: Total Liabilities | B11: 490000 | C11: 495000 | D11: 500000 | E11: 505000 | F11: 510000 | G11: 500000 | H11: 495000 | I11: 490000 | J11: 480000 | K11: 470000 | L11: 460000 | M11: 450000 | N11: =SUM(B11:M11) -> 5845000
A12: Equity | B12: 240000 | C12: 245000 | D12: 255000 | E12: 260000 | F12: 265000 | G12: 270000 | H12: 275000 | I12: 280000 | J12: 285000 | K12: 290000 | L12: 295000 | M12: 300000 | N12: =SUM(B12:M12) -> 3260000
A13: Opening Inventory | B13: 130000 | C13: 145000 | D13: 150000 | E13: 155000 | F13: 150000 | G13: 160000 | H13: 165000 | I13: 170000 | J13: 175000 | K13: 180000 | L13: 185000 | M13: 190000 | N13: =SUM(B13:M13) -> 1955000
A14: Closing Inventory | B14: 145000 | C14: 150000 | D14: 155000 | E14: 150000 | F14: 160000 | G14: 165000 | H14: 170000 | I14: 175000 | J14: 180000 | K14: 185000 | L14: 190000 | M14: 200000 | N14: =SUM(B14:M14) -> 2025000
A15: Accounts Receivable | B15: 90000 | C15: 95000 | D15: 100000 | E15: 105000 | F15: 100000 | G15: 95000 | H15: 90000 | I15: 85000 | J15: 80000 | K15: 75000 | L15: 70000 | M15: 65000 | N15: =SUM(B15:M15) -> 1050000
A16: Credit Sales | B16: 950000 | C16: 1100000 | D16: 1300000 | E16: 1250000 | F16: 1150000 | G16: 1000000 | H16: 950000 | I16: 1200000 | J16: 1300000 | K16: 1400000 | L16: 1600000 | M16: 1800000 | N16: =SUM(B16:M16) -> 15000000
... A19: Total Debt Payments | B19: 80000 | C19: 80000 | D19: 80000 | E19: 80000 | F19: 80000 | G19: 80000 | H19: 80000 | I19: 80000 | J19: 80000 | K19: 80000 | L19: 80000 | M19: 80000 | N19: =SUM(B19:M19) -> 960000
